 Dungeon Crawl Stone Soup version 0.20.1-1-g8b1a95d (webtiles) character file.

5525 manyhoops the Gusty (level 10, -1/78 HPs)
             Began as a Demigod Air Elementalist on Sept 28, 2017.
             Slain by a gargoyle
             ... wielding a +0 flail
              (11 damage)
             ... on level 10 of the Dungeon.
             The game lasted 00:20:21 (11235 turns).

manyhoops the Gusty (Demigod Air Elementalist)     Turns: 11235, Time: 00:20:22

Health: -1/78      AC:  6    Str: 18    XL:     10   Next: 20%
Magic:  1/26       EV: 15    Int: 25    God:
Gold:   470        SH:  2    Dex: 16    Spells: 0/23 levels left

rFire    . . .     SeeInvis .   w - +4 flail (curse)
rCold    . . .     Gourm    .   (no shield)
rNeg     . . .     Faith    .   B - +0 robe {MR+}
rPois    .         Spirit   .   (no helmet)
rElec    .         Reflect  +   n - +0 cloak
rCorr    .         Harm     .   k - +0 pair of gloves
MR       +++..                  (no boots)
Stlth    ++........             q - +2 amulet of reflection
Regen    0.3/turn               a - ring of protection from magic (curse)
MPRegen  0.2/turn               (no ring)

@: mighty
A: thin metallic scales 1, high mp 2, strong 1
a: no special abilities


You were on level 10 of the Dungeon.
You were hungry.

You visited 1 branch of the dungeon, and saw 10 of its levels.

You collected 470 gold pieces.

Inventory:

Hand Weapons
 l - a +0 blowgun
 w - a cursed +4 flail (weapon)
Missiles
 o - 8 curare-tipped needles
 L - a throwing net (quivered)
Armour
 k - a +0 pair of gloves (worn)
 n - a +0 cloak (worn)
 B - a +0 robe of magic resistance (worn)
Jewellery
 a - a cursed ring of protection from magic (left hand)
 q - a +2 amulet of reflection (around neck)
 O - an uncursed amulet of magic regeneration {unknown}
Wands
 x - a wand of lightning (4/15)
 I - a wand of flame (25/48)
 M - a wand of polymorph (13/24)
Scrolls
 h - 2 scrolls of enchant weapon
 i - a scroll of fog {unknown}
 j - 2 scrolls of amnesia
 r - a scroll of blinking
 t - 9 scrolls of teleportation
 u - 8 scrolls of remove curse
 v - 3 scrolls of magic mapping
 D - a scroll of immolation {unknown}
 F - 2 scrolls of fear {unknown}
 G - 2 scrolls of identify
Potions
 e - a potion of brilliance {unknown}
 m - 3 potions of flight
 p - 3 potions of heal wounds {unknown}
 s - a potion of haste
 z - a potion of might
 C - a potion of agility {unknown}
 H - 2 potions of curing
 K - 2 potions of invisibility {unknown}
Books
 b - a book of Air

   Spells                             Type                      Level
   a - Shock                          Conjuration/Air              1
   b - Swiftness                      Charms/Air                   2
   c - Static Discharge               Conjuration/Air              3
   d - Airstrike                      Air                          4
   e - Lightning Bolt                 Conjuration/Air              5
 y - a book of Callings

   Spells                             Type                      Level
   a - Summon Small Mammal            Summoning                    1
   b - Call Imp                       Summoning                    2
   c - Call Canine Familiar           Summoning                    3
   d - Summon Guardian Golem          Hexes/Summoning              3
   e - Summon Lightning Spire         Summoning/Air                4
   f - Summon Ice Beast               Ice/Summoning                4
 A - a book of Minor Magic

   Spells                             Type                      Level
   a - Magic Dart                     Conjuration                  1
   b - Blink                          Translocation                2
   c - Call Imp                       Summoning                    2
   d - Slow                           Hexes                        2
   e - Conjure Flame                  Conjuration/Fire             3
   f - Mephitic Cloud                 Conjuration/Poison/Air       3
 E - a book of Geomancy

   Spells                             Type                      Level
   a - Sandblast                      Earth                        1
   b - Passwall                       Transmutation/Earth          2
   c - Stone Arrow                    Conjuration/Earth            3
   d - Petrify                        Transmutation/Earth          4
   e - Lee's Rapid Deconstruction     Earth                        5
 J - a book of Conjurations

   Spells                             Type                      Level
   a - Magic Dart                     Conjuration                  1
   b - Searing Ray                    Conjuration                  2
   c - Dazzling Spray                 Conjuration/Hexes            3
   d - Fulminant Prism                Conjuration/Hexes            4
   e - Force Lance                    Conjuration/Translocation    4
   f - Iskenderun's Mystic Blast      Conjuration                  4
 N - a book of Maledictions

   Spells                             Type                      Level
   a - Corona                         Hexes                        1
   b - Ensorcelled Hibernation        Hexes/Ice                    2
   c - Confuse                        Hexes                        3
   d - Tukima's Dance                 Hexes                        3
   e - Dazzling Spray                 Conjuration/Hexes            3
Comestibles
 c - 8 bread rations
 d - 8 fruits
 f - 16 royal jellies
 g - 3 meat rations


   Skills:
 - Level 4.1 Fighting
 - Level 5.3 Dodging
 - Level 1.7 Stealth
 - Level 7.2 Spellcasting
 + Level 7.1 Conjurations
 + Level 7.7 Air Magic


You couldn't memorise any spells.
You knew the following spells:

 Your Spells              Type           Power        Failure   Level  Hunger
a - Shock                 Conj/Air       ####         1%          1    None
b - Swiftness             Chrm/Air       ####....     1%          2    None
c - Static Discharge      Conj/Air       #####...     1%          3    None
d - Airstrike             Air            #####.....   2%          4    ###....
e - Lightning Bolt        Conj/Air       #####.....   9%          5    #####..
f - Conjure Flame         Conj/Fire      ####....     4%          3    None
g - Blink                 Tloc           N/A          10%         2    None
h - Mephitic Cloud        Conj/Pois/Air  ####....     2%          3    None


Dungeon Overview and Level Annotations

Branches:
Dungeon (10/15)            Temple (0/1) D:5            Lair (0/6) D:8
    Orc: D:9-12

Annotations:
D:3 Quirk's ghost, amateur DsGl


Innate Abilities, Weirdness & Mutations

You have a considerably increased reservoir of magic. (+20% MP)
You are partially covered in thin metallic scales. (AC +2)
Your muscles are strong. (Str +2)


Message History

The gargoyle misses you.
You hit the gargoyle but do no damage.
The gargoyle is severely damaged.
You block the gargoyle's attack.
You hit the gargoyle but do no damage.
The gargoyle is severely damaged.
The gargoyle hurls a stone arrow at you.
The stone arrow hits you!
* * * LOW HITPOINT WARNING * * *
Casting: Airstrike
Confirm with . or Enter, or press ? or * to list all spells.
A blue arc grounds itself harmlessly beside you.
The gargoyle hurls a stone arrow at you.
The stone arrow misses you.
Unknown command.
Unknown command.
It was a potion of might.
You feel very mighty all of a sudden. The gargoyle hits you with a flail!
You die...

............'.
............##
............#
######'##### #.####
#....# ##+##
###########'###
......####.........†...#
......9@.'.........†(..#
......####.............#
..... #.............#
.... #.............# ###
#.............#
###############


You could see a gargoyle.

Vanquished Creatures
  A two-headed ogre (D:6)
  The ghost of lorenzova the Thaumaturge, a novice DECj of Vehumet (D:8)
  The ghost of lorenzova the Thaumaturge, a novice DECj of Vehumet (D:7)
  A porcupine (D:8)
  2 orc warriors
  3 ice beasts
  2 black bears (D:8)
  2 phantoms
  A necrophage (D:6)
  2 ogres
  3 centaurs (D:6)
  7 bullfrogs
  3 scorpions
  4 killer bees (D:8)
  10 howler monkeys
  7 wights
  A bullfrog zombie (D:6)
  4 crimson imps
  2 hounds (D:9)
  A gnoll shaman (D:9)
  5 orc priests
  A bullfrog skeleton (D:6)
  5 jellies
  2 iguanas
  2 orc wizards
  7 worker ants
  A hound zombie (D:6)
  A hound skeleton (D:9)
  3 worker ant zombies
  9 adders
  4 gnolls (D:9)
  3 shadow imps
  5 oozes (D:8)
  An adder skeleton (D:5)
  3 worms (D:3)
  A dart slug (D:1)
  4 leopard geckos
  28 orcs
  10 bats
  5 giant cockroaches
  13 goblins
  5 hobgoblins
  19 jackals
  5 kobolds
  7 quokkas
  A ball python zombie (D:6)
  7 frilled lizards
  A jackal zombie (D:8)
  A leopard gecko zombie (D:5)
  2 quokka zombies
  10 rats
  A fungus (D:8)
230 creatures vanquished.

Vanquished Creatures (others)
  2 fungi (D:8)
  2 plants (D:6)
4 creatures vanquished.

Grand Total: 234 creatures vanquished

Notes
Turn   | Place    | Note
-------+----------+-------------------------------------------
     0 | D:1      | manyhoops the Demigod Air Elementalist began the quest for the Orb.
     0 | D:1      | Reached XP level 1. HP: 14/14 MP: 5/5
   206 | D:1      | Reached skill level 1 in Conjurations
   516 | D:1      | Reached XP level 2. HP: 18/20 MP: 0/7
  1131 | D:1      | Reached XP level 3. HP: 18/26 MP: 8/8
  2371 | D:2      | Learned a level 2 spell: Swiftness
  2375 | D:2      | Learned a level 3 spell: Static Discharge
  2520 | D:2      | Reached XP level 4. HP: 20/33 MP: 0/10
  3106 | D:3      | Noticed Quirk's ghost (amateur DsGl)
  3529 | D:3      | Gained mutation: Your muscles are strong. (Str +2) [potion of mutation]
  3529 | D:3      | Gained mutation: You are partially covered in thin metallic scales. (AC +2) [potion of mutation]
  3529 | D:3      | Gained mutation: You have a considerably increased reservoir of magic. (+20% MP) [potion of mutation]
  3540 | D:3      | Reached XP level 5. HP: 17/38 MP: 3/13
  3891 | D:3      | Found an ancient bone altar of Kikubaaqudgha.
  3947 | D:3      | Found an opulent altar of Gozag.
  5233 | D:4      | Reached XP level 6. HP: 45/45 MP: 9/15
  5912 | D:4      | Learned a level 4 spell: Airstrike
  5978 | D:5      | Entered Level 5 of the Dungeon
  5988 | D:5      | Reached XP level 7. HP: 51/51 MP: 11/17
  5999 | D:5      | Reached skill level 1 in Fighting
  6304 | D:5      | Found a staircase to the Ecumenical Temple.
  6775 | D:6      | Reached skill level 5 in Air Magic
  7028 | D:6      | Reached XP level 8. HP: 52/66 MP: 11/18
  7134 | D:6      | Reached skill level 5 in Conjurations
  8125 | D:6      | Noticed a two-headed ogre
  8138 | D:6      | Killed a two-headed ogre
  8138 | D:6      | Reached XP level 9. HP: 47/71 MP: 0/20
  8257 | D:6      | Learned a level 5 spell: Lightning Bolt
  8464 | D:7      | Found a blossoming altar of Fedhas.
  8464 | D:7      | Found a stormy altar of Qazlal.
  8464 | D:7      | Found a hazy altar of Hepliaklqana.
  8945 | D:7      | Noticed lorenzova's ghost (novice DECj)
  8957 | D:7      | Killed lorenzova's ghost
  8957 | D:7      | Reached skill level 5 in Spellcasting
  9096 | D:7      | Learned a level 3 spell: Conjure Flame
  9581 | D:8      | Learned a level 2 spell: Blink
  9587 | D:8      | Noticed lorenzova's ghost (novice DECj)
  9592 | D:8      | Killed lorenzova's ghost
  9717 | D:8      | Found a shadowy altar of Dithmenos.
  9857 | D:8      | Found a staircase to the Lair.
 10143 | D:8      | Found a glowing silver altar of Zin.
 10170 | D:8      | Reached XP level 10. HP: 56/78 MP: 19/26
 10541 | D:9      | Found a sacrificial altar of Ru.
 10585 | D:9      | Found a glowing golden altar of the Shining One.
 10786 | D:9      | Found a white marble altar of Elyvilon.
 10799 | D:9      | Reached skill level 5 in Dodging
 10981 | D:9      | Found an iron altar of Okawaru.
 11078 | D:9      | Learned a level 3 spell: Mephitic Cloud
 11133 | D:10     | Entered Level 10 of the Dungeon
 11235 | D:10     | Slain by a gargoyle

Skill      XL: |  1  2  3  4  5  6  7  8  9 10 |
---------------+-------------------------------+-----
Conjurations   | 1 2 3 4 7 |  7.1
Air Magic      | 3 4 5 7 |  7.7
Spellcasting   | 2 3 4 7 |  7.2
Fighting       | 4 |  4.1
Dodging        | 3 5 |  5.3
Stealth        | |  1.7

Action                   |  1- 3 |  4- 6 |  7- 9 | 10-12 || total
-------------------------+-------+-------+-------+-------++-------
Melee: Mace              |    69 |    82 |     8 |       ||   159
       Flail             |       |       |   117 |    53 ||   170
 Cast: Shock             |    79 |   110 |   107 |    34 ||   330
       Static Discharge  |       |     8 |    38 |    17 ||    63
       Swiftness         |       |     1 |       |       ||     1
       Airstrike         |       |       |    11 |     6 ||    17
  Use: Potion            |     1 |     2 |     2 |     1 ||     6
       Scroll            |       |     8 |     1 |     1 ||    10
 Stab: Sleeping          |     1 |     1 |     3 |       ||     5
  Eat: Chunk             |     5 |    12 |    11 |     3 ||    31
       Bread ration      |       |       |     1 |       ||     1
Armor: Robe              |    23 |    43 |    48 |    19 ||   133
Dodge: Dodged            |    64 |   100 |   156 |    58 ||   378
Block: Other             |       |     5 |    21 |    10 ||    36
       Reflection        |       |       |     1 |       ||     1
